 Dungeon Crawl Stone Soup version 0.16.1-51-g6203257 (webtiles) character file.

1674 kae the Destroyer (level 9, -4/45 HPs)
             Began as a Tengu Fire Elementalist on Aug 4, 2015.
             Was an Initiate of Vehumet.
             Slain by Edmund
             ... wielding a +5 flail of protection
              (9 damage)
             ... on level 6 of the Dungeon.
             The game lasted 00:16:12 (8353 turns).

kae the Destroyer (Tengu Fire Elementalist)         Turns: 8353, Time: 00:16:12

Health: -4/45      AC:  7    Str:  9    XL:     9   Next: 1%
Magic:  3/22       EV: 12    Int: 18    God:    Vehumet [......]
Gold:   167        SH:  0    Dex: 15    Spells: 4 memorised, 7 levels left

rFire  . . .     SeeInvis .     z - staff of energy
rCold  . . .     Clarity  .     A - +2 robe {MR+}
rNeg   + . .     SustAb   .     (no shield)
rPois  .         Gourm    .     (helmet restricted)
rElec  .         Spirit   .     k - +1 cloak
rCorr  .         Warding  .     v - +0 pair of gloves
rMut   .         Stasis   .     (boots unavailable)
MR     +....                    (no amulet)
Stlth  ++........               q - ring of wizardry
                                g - ring of positive energy

@: somewhat resistant to hostile enchantments, unstealthy
A: able to fly, beak, talons 3, sense surroundings 1
a: Fly, Renounce Religion


You were on level 6 of the Dungeon.
You worshipped Vehumet.
Vehumet was noncommittal.
You were not hungry.

You visited 2 branches of the dungeon, and saw 7 of its levels.

You collected 255 gold pieces.
You spent 88 gold pieces at shops.

Inventory:

Hand weapons
 e - a +0 spear
 m - a +0 spear of freezing
Armour
 a - a +0 robe
 k - a +1 cloak (worn)
 v - a +0 pair of gloves (worn)
 A - a +2 robe of magic resistance (worn)
Magical staves
 w - an uncursed staff of earth
 z - an uncursed staff of energy (weapon)
Jewellery
 g - a ring of positive energy (left hand)
 j - a +3 ring of strength
 q - a ring of wizardry (right hand)
 C - a cursed -3 ring of evasion
Magical devices
 f - a wand of flame (17)
 l - a wand of flame (15)
 o - a wand of magic darts (40)
 y - a wand of teleportation (6)
Scrolls
 d - a scroll of immolation
 h - 5 scrolls of identify
 r - a scroll of remove curse
 x - a scroll of magic mapping
 B - a scroll of enchant weapon {unknown}
Potions
 i - 2 potions of curing {unknown}
 n - 2 potions of brilliance
 p - 2 potions of poison
 s - a potion of heal wounds
 t - a potion of beneficial mutation
Books
 b - a book of Flames

   Spells                             Type                      Level
   a - Flame Tongue                   Conjuration/Fire             1
   b - Throw Flame                    Conjuration/Fire             2
   c - Conjure Flame                  Conjuration/Fire             3
   d - Inner Flame                    Hexes/Fire                   3
   e - Sticky Flame                   Conjuration/Fire             4
   f - Fireball                       Conjuration/Fire             5
Comestibles
 c - a bread ration
 u - 2 meat rations


   Skills:
 - Level 2.1 Dodging
 - Level 2.0 Stealth
 + Level 4.6 Spellcasting
 * Level 9.3 Conjurations
 * Level 8.5 Fire Magic


You had 7 spell levels left.
You knew the following spells:

 Your Spells              Type           Power        Failure   Level  Hunger
a - Flame Tongue          Conj/Fire      #####        1%          1    None
b - Throw Flame           Conj/Fire      #####.       1%          2    None
c - Conjure Flame         Conj/Fire      #####...     1%          3    None
d - Sticky Flame          Conj/Fire      #####...     1%          4    None


Dungeon Overview and Level Annotations

Branches:
Dungeon (6/15)             Temple (1/1) D:5

Altars:
Dithmenos
Elyvilon
Gozag
Makhleb
Nemelex Xobeh
Okawaru
Qazlal
Sif Muna
Vehumet
Yredelemnul
Zin
The Shining One

Shops:
D:5 (   D:6 ?:*=

Annotations:
D:3 Sigmund
D:6 Edmund; poirepourri's ghost, experienced DDBe


Innate Abilities, Weirdness & Mutations

You can fly.
You have a beak for a mouth.
You have claws for feet.
You passively map a small area around you.


Message History

Edmund burns!
Edmund stops burning.
Edmund closely misses you.
Casting: Flame Tongue
Confirm with . or Enter, or press ? or * to list all spells.
Aiming: Flame Tongue
Press: ? - help, Shift-Dir - straight line, f/p - Edmund
Aim: Edmund, wielding a flail of protection, wearing a chain mail and carrying a wand of confusion {zapped: 6} (severely wounded, unusually resistant)
The flame tongue hits Edmund.
Edmund resists.
Edmund is severely wounded.
Edmund hits you with a flail of protection!
* * * LOW HITPOINT WARNING * * *
Casting: Flame Tongue
Confirm with . or Enter, or press ? or * to list all spells.
Aiming: Sticky Flame
Press: ? - help, Shift-Dir - straight line, f/p - Edmund
Aim: Edmund, wielding a flail of protection, wearing a chain mail and carrying a wand of confusion {zapped: 6} (severely wounded, unusually resistant)
The sticky flame hits Edmund.
Edmund resists.
Edmund is severely wounded.
Edmund is covered in liquid flames!
Edmund burns!
Edmund hits you with a flail of protection!
You die...

.....## .>...##
......######
)..........###
.....#.......##
##..##.#####..#####
######## ###...)# #
##..## #######
##.@# ......# #..@#
###.).# *#....# #
##..# #..##.# #.##
#.# ##. #.# #. ##
#.## # #..# ,
##..## #


You could see Edmund (burning).

Vanquished Creatures
  Prince Ribbit (D:6)
  The ghost of hannobal the Conjurer, an average TeAE (D:4)
  2 sky beasts (D:6)
  2 black bears
  An orc warrior (D:6)
  2 ogres
  Duvessa (D:5)
  2 centaurs (D:5)
  Blork the orc (D:6)
  Dowan (D:5)
  A giant frog skeleton (D:4)
  5 orc wizards (D:6)
  2 iguanas
  A worker ant (D:5)
  Ijyb (D:6)
  Jessica (D:2)
  A hound zombie (D:6)
  A hound skeleton (D:6)
  Robin (D:2)
  3 adders
  A shadow imp (D:5)
  A giant mite (D:5)
  2 worms (D:3)
  An adder zombie (D:6)
  2 giant geckos
  4 oozes
  2 ball pythons
  3 bat skeletons
  12 giant cockroaches
  20 goblins
  11 hobgoblins
  4 jackals
  16 kobolds
  3 quokkas
  11 bats
  A giant cockroach zombie (D:5)
  5 giant newts
  16 rats
  9 ballistomycetes (D:4)
  A butterfly (D:5)
156 creatures vanquished.

Vanquished Creatures (others)
  A giant spore (D:4)
1 creature vanquished.

Grand Total: 157 creatures vanquished

Notes
Turn   | Place    | Note
--------------------------------------------------------------
     0 | D:1      | kae, the Tengu Fire Elementalist, began the quest for the Orb.
     0 | D:1      | Reached XP level 1. HP: 10/10 MP: 3/3
   554 | D:1      | Reached XP level 2. HP: 12/15 MP: 3/5
   927 | D:1      | Reached XP level 3. HP: 13/19 MP: 0/7
  1205 | D:1      | Reached skill level 4 in Fire Magic
  1361 | D:2      | Noticed Jessica
  1375 | D:2      | Killed Jessica
  1375 | D:2      | Reached XP level 4. HP: 13/24 MP: 1/8
  2282 | D:3      | Learned a level 2 spell: Throw Flame
  2286 | D:3      | Learned a level 3 spell: Conjure Flame
  2389 | D:3      | Noticed Robin
  2503 | D:2      | Killed Robin
  2567 | D:3      | Found a sparkling altar of Nemelex Xobeh.
  2652 | D:3      | Reached XP level 5. HP: 16/28 MP: 8/11
  2898 | D:3      | Noticed Sigmund
  3204 | D:4      | Noticed hannobal's ghost (average TeAE)
  3224 | D:4      | Found a white marble altar of Elyvilon.
  3337 | D:4      | Found a burning altar of Makhleb.
  3659 | D:4      | Killed hannobal's ghost
  3659 | D:4      | Reached skill level 5 in Conjurations
  3659 | D:4      | Reached skill level 5 in Fire Magic
  3659 | D:4      | Reached XP level 6. HP: 10/32 MP: 1/14
  3899 | D:4      | Found a glowing golden altar of the Shining One.
  4464 | D:4      | Reached XP level 7. HP: 36/36 MP: 7/17
  4716 | D:5      | Entered Level 5 of the Dungeon
  4826 | D:5      | Found a sparkling altar of Nemelex Xobeh.
  4924 | D:5      | Reached skill level 6 in Conjurations
  5029 | D:5      | Found a staircase to the Ecumenical Temple.
  5070 | Temple   | Entered the Ecumenical Temple
  5117 | Temple   | Became a worshipper of Vehumet
  5222 | D:5      | Found an iron altar of Okawaru.
  5229 | D:5      | Noticed Dowan
  5230 | D:5      | Noticed Duvessa
  5545 | D:5      | Learned a level 4 spell: Sticky Flame
  5600 | D:5      | Killed Duvessa
  5611 | D:5      | Killed Dowan
  5744 | D:5      | Found Phual's Antique Weapon Boutique.
  6303 | D:5      | Reached skill level 7 in Conjurations
  6355 | D:5      | Reached XP level 8. HP: 31/41 MP: 8/19
  6435 | D:6      | Found Plaloh's General Store.
  6438 | D:6      | Bought a potion of poison for 15 gold pieces
  6523 | D:6      | Found Qaniuk's Book Shop.
  6817 | D:6      | Found Hitzusk's Magic Scroll Shop.
  6820 | D:6      | Bought a scroll of magic mapping for 45 gold pieces
  6928 | D:6      | Noticed poirepourri's ghost (experienced DDBe)
  6930 | D:6      | Noticed Ijyb
  7208 | D:6      | Killed Ijyb
  7642 | D:6      | Reached skill level 8 in Conjurations
  7707 | D:6      | Found a deep blue altar of Sif Muna.
  7942 | D:6      | Found Twoac's Jewellery Emporium.
  7949 | D:6      | Bought a cursed -3 ring of evasion for 28 gold pieces
  8109 | D:6      | Noticed Blork the orc
  8114 | D:6      | Killed Blork the orc
  8266 | D:6      | Noticed Prince Ribbit
  8278 | D:6      | Killed Prince Ribbit
  8278 | D:6      | Reached skill level 9 in Conjurations
  8278 | D:6      | Reached XP level 9. HP: 45/45 MP: 13/22
  8331 | D:6      | Noticed Edmund
  8336 | D:6      | Gained mutation: You passively map a small area around you. [potion of beneficial mutation]
  8353 | D:6      | Slain by Edmund

Action                   |  1- 3 |  4- 6 |  7- 9 || total
-------------------------+-------+-------+-------++-------
Melee: Spear             |    79 |   150 |    30 ||   259
       Staff             |       |       |    59 ||    59
 Cast: Flame Tongue      |    33 |    58 |    93 ||   184
       Conjure Flame     |       |     4 |     5 ||     9
       Throw Flame       |       |     3 |    34 ||    37
       Sticky Flame      |       |       |     8 ||     8
Evoke: Staff of energy   |       |       |     1 ||     1
  Use: Potion            |     1 |       |     1 ||     2
       Scroll            |       |     8 |     6 ||    14
 Stab: Sleeping          |     3 |     7 |       ||    10
       Distracted        |     1 |       |       ||     1
  Eat: Chunk             |     1 |     5 |     9 ||    15
       Bread ration      |       |     1 |     1 ||     2
       Pizza             |       |     1 |       ||     1
